TOP OF THE 1ST |
San Bernardino Grasshoppers batting - Pitching for Atlantic City Sonics : RHP Elroy Thompkins
|
Pitching: RHP Elroy Thompkins
|
|
Batting: RHB Jorge Estrada
|
0-0: Ball 1-0: Ball 2-0: Ground out 5-3 (Groundball, 56)
|
Batting: RHB Alwin Vreekamp
|
0-0: Swinging Strike 0-1: Ball 1-1: Ground out U3 (Groundball, 34)
|
Batting: SHB Mario Domondón
|
0-0: Ball 1-0: Foul Ball, location: 2F 1-1: Ground out 4-3 (Groundball, 34)
|
Top of the 1st over - 0 run(s), 0 hit(s), 0 error(s), 0 left on base; San Bernardino 0 - Atlantic City 0 |
BOTTOM OF THE 1ST |
Atlantic City Sonics batting - Pitching for San Bernardino Grasshoppers : RHP Delmar Llerena
|
Pitching: RHP Delmar Llerena
|
|
Batting: RHB José López
|
0-0: Called Strike 0-1: Called Strike 0-2: Fly out, F6 (Popup, 56D)
|
Batting: LHB Russ Hanneman
|
0-0: Ball 1-0: Foul Ball, location: 2F 1-1: Ball 2-1: Ball 3-1: Base on Balls
|
Batting: RHB Brady Bess
|
0-0: Called Strike 0-1: Called Strike 0-2: Ball 1-2: Ball 2-2: Ball 3-2: Strikes out swinging
|
Batting: RHB Thurman Blumer
|
0-0: Called Strike 0-1: Swinging Strike 0-2: Strikes out looking
|
Bottom of the 1st over - 0 run(s), 0 hit(s), 0 error(s), 1 left on base; San Bernardino 0 - Atlantic City 0 |
TOP OF THE 2ND |
San Bernardino Grasshoppers batting - Pitching for Atlantic City Sonics : RHP Elroy Thompkins
|
Batting: RHB Edgardo Bello
|
0-0: Hit by Pitch
|
Batting: RHB José Urruticodez
|
0-0: Ball 1-0: Ball 2-0: Called Strike 2-1: Fielders Choice at 2nd, 6-4 (Groundball, 56)
|
Batting: RHB Manuel García
|
0-0: Called Strike 0-1: Foul Ball, location: 2F 0-2: Foul Ball, location: 2F 0-2: Ball José Urruticodez steals 2nd base 1-2: Foul Ball, location: 2F 1-2: Ball 2-2: Ball 3-2: Base on Balls
|
Batting: RHB Roberto Ruíz
|
0-0: Called Strike 0-1: Ball 1-1: Foul Ball, location: 2F 1-2: Ball 2-2: Strikes out swinging
|
Batting: SHB Noel King
|
0-0: Swinging Strike 0-1: Ball 1-1: Swinging Strike 1-2: Strikes out looking
|
Top of the 2nd over - 0 run(s), 0 hit(s), 0 error(s), 2 left on base; San Bernardino 0 - Atlantic City 0 |
BOTTOM OF THE 2ND |
Atlantic City Sonics batting - Pitching for San Bernardino Grasshoppers : RHP Delmar Llerena
|
Batting: RHB Julián García
|
0-0: Ball 1-0: Swinging Strike 1-1: Swinging Strike 1-2: Strikes out swinging
|
Batting: RHB Senior Pond
|
0-0: Called Strike 0-1: Foul Ball, location: 2F 0-2: Ball 1-2: Ground out 6-3 (Groundball, 6)
|
Batting: RHB Cristián Alfonso
|
0-0: Foul Ball, location: 2F 0-1: Foul Ball, location: 2F 0-2: Foul Ball, location: 2F 0-2: Foul Ball, location: 2F 0-2: Strikes out swinging
|
Bottom of the 2nd over - 0 run(s), 0 hit(s), 0 error(s), 0 left on base; San Bernardino 0 - Atlantic City 0 |
TOP OF THE 3RD |
San Bernardino Grasshoppers batting - Pitching for Atlantic City Sonics : RHP Elroy Thompkins
|
Batting: RHB Francisco Rodríguez
|
0-0: Ball 1-0: Ground out 6-3 (Groundball, 6D)
|
Batting: RHB Jorge Estrada
|
0-0: Foul Ball, location: 2F 0-1: Foul Ball, location: 2F 0-2: Fly out, F8 (Flyball, 8RS)
|
Batting: RHB Alwin Vreekamp
|
0-0: Ball 1-0: Ball 2-0: Foul Ball, location: 2F 2-1: Swinging Strike 2-2: Strikes out swinging
|
Top of the 3rd over - 0 run(s), 0 hit(s), 0 error(s), 0 left on base; San Bernardino 0 - Atlantic City 0 |
BOTTOM OF THE 3RD |
Atlantic City Sonics batting - Pitching for San Bernardino Grasshoppers : RHP Delmar Llerena
|
Batting: RHB Damon Grinter
|
0-0: Called Strike 0-1: Ball 1-1: Ground out U3 (Groundball, 3L)
|
Batting: SHB Luchino Salimbeni
|
0-0: Ball 1-0: Called Strike 1-1: Ball 2-1: Called Strike 2-2: Ball 3-2: Base on Balls
|
Batting: RHB José López
|
0-0: Called Strike 0-1: Called Strike 0-2: Ground out 5-3 (Groundball, 56S) Luchino Salimbeni to second
|
Batting: LHB Russ Hanneman
|
0-0: Ball 1-0: Swinging Strike 1-1: Ball 2-1: Ball 3-1: Base on Balls
|
Batting: RHB Brady Bess
|
0-0: Ball 1-0: Called Strike 1-1: Ball 2-1: Ball 3-1: Foul Ball, location: 2F 3-2: SINGLE (Groundball, 4MD) Luchino Salimbeni to third Russ Hanneman to second Luchino Salimbeni scores Russ Hanneman to third
|
Batting: RHB Thurman Blumer
|
0-0: Ball 1-0: Swinging Strike 1-1: Foul Ball, location: 2F 1-2: Foul Ball, location: 2F 1-2: Ball 2-2: Strikes out swinging
|
Bottom of the 3rd over - 1 run(s), 1 hit(s), 0 error(s), 2 left on base; San Bernardino 0 - Atlantic City 1 |
TOP OF THE 4TH |
San Bernardino Grasshoppers batting - Pitching for Atlantic City Sonics : RHP Elroy Thompkins
|
Batting: SHB Mario Domondón
|
0-0: SINGLE (Line Drive, 8LS)
|
Batting: RHB Edgardo Bello
|
0-0: Ball Wild Pitch! Mario Domondón to second 1-0: Called Strike 1-1: Swinging Strike 1-2: Strikes out swinging
|
Batting: RHB José Urruticodez
|
0-0: Ground out 4-3 (Groundball, 4) Mario Domondón to third
|
Batting: RHB Manuel García
|
0-0: Ball 1-0: Foul Ball, location: 2F 1-1: Called Strike 1-2: Ball 2-2: Strikes out looking
|
Top of the 4th over - 0 run(s), 1 hit(s), 0 error(s), 1 left on base; San Bernardino 0 - Atlantic City 1 |
BOTTOM OF THE 4TH |
Atlantic City Sonics batting - Pitching for San Bernardino Grasshoppers : RHP Delmar Llerena
|
Batting: RHB Julián García
|
0-0: Foul Ball, location: 2F 0-1: Ground out 6-3 (Groundball, 6)
|
Batting: RHB Senior Pond
|
0-0: Foul Ball, location: 2F 0-1: Ball 1-1: Ball 2-1: Foul Ball, location: 2F 2-2: Foul Ball, location: 2F 2-2: Foul Ball, location: 2F 2-2: Foul Ball, location: 2F 2-2: Ball 3-2: Foul Ball, location: 2F 3-2: Base on Balls
|
Batting: RHB Cristián Alfonso
|
0-0: Called Strike Senior Pond steals 2nd base 0-1: Ball 1-1: Ball 2-1: Ball 3-1: Base on Balls
|
Pitching: RHP Arturo Villa
|
|
Batting: RHB Damon Grinter
|
0-0: Foul Ball, location: 2F 0-1: Ball 1-1: Ball 2-1: Ball 3-1: Called Strike 3-2: Base on Balls Senior Pond to third Cristián Alfonso to second
|
Batting: SHB Luchino Salimbeni
|
0-0: Called Strike 0-1: Ball 1-1: Swinging Strike 1-2: Ball 2-2: Foul Ball, location: 2F 2-2: Strikes out looking
|
Batting: RHB José López
|
0-0: SINGLE (Flyball, 7LM) Senior Pond scores Cristián Alfonso to third Damon Grinter to second Runner from 3rd tries for Home, SAFE, no throw
|
Batting: LHB Russ Hanneman
|
0-0: Ball 1-0: Ball 2-0: Swinging Strike 2-1: Swinging Strike 2-2: Foul Ball, location: 2F 2-2: Ball 3-2: Base on Balls Damon Grinter to third José López to second
|
Batting: RHB Brady Bess
|
0-0: Foul Ball, location: 2F 0-1: Foul Ball, location: 2F 0-2: Ball 1-2: Strikes out swinging
|
Bottom of the 4th over - 2 run(s), 1 hit(s), 0 error(s), 3 left on base; San Bernardino 0 - Atlantic City 3 |
TOP OF THE 5TH |
San Bernardino Grasshoppers batting - Pitching for Atlantic City Sonics : RHP Elroy Thompkins
|
Batting: RHB Roberto Ruíz
|
0-0: Ball 1-0: Ball 2-0: Called Strike 2-1: Ball 3-1: Base on Balls
|
Batting: SHB Noel King
|
0-0: Called Strike 0-1: Swinging Strike 0-2: Fielders Choice at 2nd, 2-4 (Groundball, 2L)
|
Batting: RHB Francisco Rodríguez
|
0-0: Called Strike Noel King is caught stealing 2nd base 0-1: Foul Ball, location: 2F 0-2: Ball 1-2: Ball 2-2: Ball 3-2: Fly out, F5 (Line Drive, 5L)
|
Top of the 5th over - 0 run(s), 0 hit(s), 0 error(s), 0 left on base; San Bernardino 0 - Atlantic City 3 |
BOTTOM OF THE 5TH |
Atlantic City Sonics batting - Pitching for San Bernardino Grasshoppers : RHP Arturo Villa
|
Batting: RHB Thurman Blumer
|
0-0: Called Strike 0-1: Ball 1-1: Called Strike 1-2: Foul Ball, location: 2F 1-2: Foul Ball, location: 2F 1-2: Ball 2-2: Strikes out swinging
|
Batting: RHB Julián García
|
0-0: Ground out 6-3 (Groundball, 6)
|
Batting: RHB Senior Pond
|
0-0: Ball 1-0: Called Strike 1-1: Foul Ball, location: 2F 1-2: Ball 2-2: Foul Ball, location: 2F 2-2: Foul Ball, location: 2F 2-2: Foul Ball, location: 2F 2-2: Ball 3-2: Foul Ball, location: 2F 3-2: DOUBLE (Flyball, 8LD)
|
Batting: RHB Cristián Alfonso
|
0-0: Called Strike 0-1: Ball 1-1: SINGLE (Groundball, 34D) Senior Pond to third Runner from 3rd tries for Home, SAFE, no throw
|
Pitching: RHP Max Cook
|
|
Batting: RHB Damon Grinter
|
0-0: Called Strike 0-1: Swinging Strike 0-2: Ball 1-2: Ground out 1-3 (Groundball, 13)
|
Bottom of the 5th over - 1 run(s), 2 hit(s), 0 error(s), 1 left on base; San Bernardino 0 - Atlantic City 4 |
TOP OF THE 6TH |
San Bernardino Grasshoppers batting - Pitching for Atlantic City Sonics : RHP Elroy Thompkins
|
Batting: RHB Jorge Estrada
|
0-0: Fly out, F7 (Flyball, 7)
|
Batting: RHB Alwin Vreekamp
|
0-0: Ball 1-0: Called Strike 1-1: Ball 2-1: Swinging Strike 2-2: Ball 3-2: Ground out 1-3 (Groundball, 15S)
|
Batting: SHB Mario Domondón
|
0-0: Swinging Strike 0-1: Foul Ball, location: 2F 0-2: Ball 1-2: Ball 2-2: Foul Ball, location: 2F 2-2: Strikes out looking
|
Top of the 6th over - 0 run(s), 0 hit(s), 0 error(s), 0 left on base; San Bernardino 0 - Atlantic City 4 |
BOTTOM OF THE 6TH |
Atlantic City Sonics batting - Pitching for San Bernardino Grasshoppers : RHP Max Cook
|
Batting: SHB Luchino Salimbeni
|
0-0: Swinging Strike 0-1: Foul Ball, location: 2F 0-2: Ball 1-2: Strikes out swinging
|
Batting: RHB José López
|
0-0: Ball 1-0: Ball 2-0: Ball 3-0: Base on Balls
|
Batting: LHB Russ Hanneman
|
0-0: Foul Ball, location: 2F 0-1: TRIPLE (Flyball, 9LD) José López scores
|
Batting: RHB Brady Bess
|
0-0: Ball 1-0: Fly out, F9 (Flyball, 9S)
|
Batting: RHB Thurman Blumer
|
0-0: Called Strike 0-1: Foul Ball, location: 2F 0-2: Ball 1-2: Fly out, F3 (Popup, 3L)
|
Bottom of the 6th over - 1 run(s), 1 hit(s), 0 error(s), 1 left on base; San Bernardino 0 - Atlantic City 5 |
TOP OF THE 7TH |
San Bernardino Grasshoppers batting - Pitching for Atlantic City Sonics : RHP Elroy Thompkins
|
Batting: RHB Edgardo Bello
|
0-0: Ground out U3 (Groundball, 23)
|
Batting: RHB José Urruticodez
|
0-0: Ball 1-0: Foul Ball, location: 2F 1-1: Called Strike 1-2: Foul Ball, location: 2F 1-2: Foul Ball, location: 2F 1-2: Ground out 1-3 (Groundball, 15S)
|
Batting: RHB Manuel García
|
0-0: Fly out, F9 (Flyball, 9LM)
|
Top of the 7th over - 0 run(s), 0 hit(s), 0 error(s), 0 left on base; San Bernardino 0 - Atlantic City 5 |
BOTTOM OF THE 7TH |
Atlantic City Sonics batting - Pitching for San Bernardino Grasshoppers : RHP Max Cook
|
Batting: RHB Julián García
|
0-0: Called Strike 0-1: Ball 1-1: Ball 2-1: Foul Ball, location: 2F 2-2: Fly out, F8 (Flyball, 8RXD)
|
Batting: RHB Senior Pond
|
0-0: Called Strike 0-1: Ball 1-1: Swinging Strike 1-2: Strikes out swinging
|
Batting: RHB Cristián Alfonso
|
0-0: Called Strike 0-1: Foul Ball, location: 2F 0-2: Foul Ball, location: 2F 0-2: Ball 1-2: Fly out, F6 (Popup, 56D)
|
Bottom of the 7th over - 0 run(s), 0 hit(s), 0 error(s), 0 left on base; San Bernardino 0 - Atlantic City 5 |
TOP OF THE 8TH |
San Bernardino Grasshoppers batting - Pitching for Atlantic City Sonics : RHP Elroy Thompkins
|
Now at SS: Jorge Figueroa
|
|
Batting: RHB Roberto Ruíz
|
0-0: Ball 1-0: Called Strike 1-1: Foul Ball, location: 2F 1-2: Strikes out swinging
|
Batting: SHB Noel King
|
0-0: Called Strike 0-1: Swinging Strike 0-2: Ball 1-2: Strikes out swinging
|
Batting: RHB Francisco Rodríguez
|
0-0: Ball 1-0: Called Strike 1-1: Called Strike 1-2: Ground out 6-3 (Groundball, 6)
|
Top of the 8th over - 0 run(s), 0 hit(s), 0 error(s), 0 left on base; San Bernardino 0 - Atlantic City 5 |
BOTTOM OF THE 8TH |
Atlantic City Sonics batting - Pitching for San Bernardino Grasshoppers : RHP Max Cook
|
Batting: RHB Damon Grinter
|
0-0: Called Strike 0-1: Ball 1-1: Swinging Strike 1-2: Strikes out swinging
|
Pitching: LHP Dan McBride
|
|
Batting: SHB Luchino Salimbeni
|
0-0: Called Strike 0-1: SINGLE (Line Drive, 56D)
|
Batting: RHB José López
|
0-0: Ball 1-0: Ball 2-0: Foul Ball, location: 2F 2-1: DOUBLE (Flyball, 9) Luchino Salimbeni to third
|
Batting: LHB Russ Hanneman
|
0-0: Foul Ball, location: 2F 0-1: Ball 1-1: Called Strike 1-2: Strikes out swinging
|
Batting: RHB Brady Bess
|
0-0: Called Strike 0-1: Ground out 1-3 (Groundball, P)
|
Bottom of the 8th over - 0 run(s), 2 hit(s), 0 error(s), 2 left on base; San Bernardino 0 - Atlantic City 5 |
TOP OF THE 9TH |
San Bernardino Grasshoppers batting - Pitching for Atlantic City Sonics : RHP Elroy Thompkins
|
Batting: RHB Jorge Estrada
|
0-0: Called Strike 0-1: DOUBLE (Flyball, 7LM)
|
Batting: RHB Alwin Vreekamp
|
0-0: Ball 1-0: Called Strike 1-1: Ball 2-1: Ball 3-1: Base on Balls
|
Batting: SHB Mario Domondón
|
0-0: DOUBLE (Groundball, 3L) Jorge Estrada scores Alwin Vreekamp to third
|
Pitching: LHP David Sherratt
|
|
Batting: RHB Edgardo Bello
|
0-0: Foul Ball, location: 2F 0-1: Ball 1-1: Ball 2-1: Ball 3-1: Foul Ball, location: 2F 3-2: Ground out 4-3 (Groundball, 4) Alwin Vreekamp scores Mario Domondón to third
|
Batting: RHB José Urruticodez
|
0-0: Called Strike 0-1: Ball 1-1: Ball 2-1: Called Strike 2-2: Ground out 6-3 (Groundball, 6M) Mario Domondón scores
|
Batting: RHB Manuel García
|
0-0: Called Strike 0-1: Foul Ball, location: 2F 0-2: Strikes out swinging
|
Top of the 9th over - 3 run(s), 2 hit(s), 0 error(s), 0 left on base; San Bernardino 3 - Atlantic City 5 |
|